 Dungeon Sprint DCSS version 0.29.1-12-g30fa7ad0bf (webtiles) character file.

Game seed: 14764818878661114144

74 Groucho the Trooper (level 4, 0/27 HPs)
             Began as a Spriggan Conjurer on Jan 4, 2023.
             Was a Follower of Vehumet.
             Succumbed to a scorpion's poison
             ... in the Dungeon (Sprint VII: "The Pits").
             The game lasted 00:04:04 (1535 turns).

Groucho the Trooper (Spriggan Conjurer)             Turns: 1535, Time: 00:04:04

Health: 0/27       AC:  2    Str:  5    XL:     4   Next: 10%
Magic:  3/11       EV: 18    Int: 19    God:    Vehumet [*.....]
Gold:   0          SH:  0    Dex: 13    Spells: 8/11 levels left

rFire   . . .      SeeInvis +   h - +2 quarterstaff
rCold   . . .      Faith    .   (shield currently unavailable)
rNeg    . . .      Spirit   .   a - +0 robe
rPois   .          Reflect  .   (helmet restricted)
rElec   .          Harm     .   (no cloak)
rCorr   .          Rampage  .   (gloves unavailable)
Will    .....      NoTele   +   (boots unavailable)
Stlth   ++........              (no amulet)
HPRegen 0.09/turn               (no ring)
MPRegen 0.12/turn               (no ring)

@: lethally poisoned (0 -> -5), on berserk cooldown, very slightly contaminated,
slowed, invisible, quick
A: very small, no large weapons, unfitting armour, see invisible, speed 3
a: Renounce Religion


You were in the Dungeon.
You worshipped Vehumet.
Vehumet was aware of your devotion.
You visited 1 branch

Inventory:

Hand Weapons
 h - a +2 quarterstaff (weapon)
Armour
 a - a +0 robe (worn)
Scrolls
 g - a scroll of blinking
 j - 5 scrolls of amnesia
 k - a scroll of summoning
Potions
 b - 4 potions of magic
 e - a potion of haste
 f - 2 potions of berserk rage
 i - a potion of invisibility


   Skills:
 + Level 5.0 Fighting
 - Level 4.2 Dodging
 - Level 3.0 Stealth
 - Level 4.0 Spellcasting
 - Level 4.0 Conjurations


You had 8 spell levels left.
You knew the following spells:

 Your Spells              Type           Power      Damage    Failure   Level
a - Magic Dart            Conj           76%        1d6       2%          1
b - Searing Ray           Conj           38%        2d5       4%          2

Your spell library contained the following spells:

 Spells                   Type           Power      Damage    Failure   Level
 Shock                    Conj/Air       44%        1d5       6%          1
 Dazzling Flash           Conj/Hex       22%        N/A       19%         3
 Fulminant Prism          Conj/Hex       5%         3d7       52%         4
 Iskenderun's Mystic Bla  Conj/Tloc      11%        2d4       52%         4


Dungeon Overview and Level Annotations

Branches:
Dungeon (1/1)

Altars:
Ashenzari
Cheibriados
Dithmenos
Elyvilon
Fedhas
Gozag
Hepliaklqana
Kikubaaqudgha
Makhleb
Nemelex Xobeh
Okawaru
Qazlal
Ru
Sif Muna
Trog
Uskayaw
Vehumet
Wu Jian
Xom
Yredelemnul
Zin
The Shining One
Jiyva
Lugonu


Innate Abilities, Weirdness & Mutations

You are very small and have problems with some larger weapons.
You are too small for most types of armour.
You have supernaturally acute eyesight. (SInv)
You cover ground extremely quickly. (Speed+++)


Message History

Unknown command.
Unknown command.
You feel much better.
You feel sick. The scorpion completely misses you. x2
You fade into invisibility!
You feel sick. The scorpion stings you.
You are lethally poisoned!
The scorpion poisons you!
A red film seems to cover your vision as you go berserk!
You feel yourself moving faster!
You feel mighty!
You feel very sick. The scorpion stings you.
You sock the scorpion!
The scorpion is severely wounded.
* * * LOW HITPOINT WARNING * * *
You feel sick. The scorpion misses you.
You sock the scorpion!
You kill the scorpion!
Vehumet accepts your kill.
* * * LOW HITPOINT WARNING * * *
You feel sick.
Your Fighting skill gained 5 levels and is now at level 5!
You have reached level 3!
Your experience leads to an increase in your attributes!
Increase (S)trength, (I)ntelligence, or (D)exterity?
You feel stronger. x2
You have reached level 4!
There is a lethal amount of poison in your body!
Unknown command.
There is a lethal amount of poison in your body!
You are too berserk!
There is a lethal amount of poison in your body!
You feel a strong urge to attack something.
* * * LOW HITPOINT WARNING * * *
You feel sick.
You feel your anger nearly subside.
You are no longer berserk.
You are exhausted.
You feel yourself slow down.
* * * LOW HITPOINT WARNING * * *
You feel sick.
You die...

############
#_________.#
#_________.#
#_______...###########
##########'##.........
#.?(.')))'.##......#..
##########.##.........
#....@......'.........
#+#####'#####......#..
#...#.# #.........
#...#.# ####'#####
#...).# #.......#
##+#### #.......#
#.......# #...<...#
#.......#


There were no monsters in sight!

Vanquished Creatures
  A scorpion (D)
  A gnoll (D)
  An adder zombie (D)
  A giant cockroach (D)
  A quokka skeleton (D)
5 creatures vanquished.

Notes
Turn   | Place    | Note
-------+----------+-------------------------------------------
     0 | D        | Groucho the Spriggan Conjurer began the quest for the Orb.
     0 | D        | Reached XP level 1. HP: 9/9 MP: 5/5
    74 | D        | Found a bloodstained altar of Trog.
    74 | D        | Found a shimmering blue altar of Sif Muna.
    74 | D        | Found a viscous altar of Jiyva.
    74 | D        | Found a hazy altar of Hepliaklqana.
    74 | D        | Found an opulent altar of Gozag.
    75 | D        | Found a glowing golden altar of the Shining One.
    75 | D        | Found a glowing silver altar of Zin.
    75 | D        | Found a basalt altar of Yredelemnul.
    75 | D        | Found a shimmering altar of Xom.
    75 | D        | Found an ornate altar of the Wu Jian Council.
    75 | D        | Found a sacrificial altar of Ru.
    75 | D        | Found a stormy altar of Qazlal.
    75 | D        | Found an iron altar of Okawaru.
    75 | D        | Found a sparkling altar of Nemelex Xobeh.
    75 | D        | Found a burning altar of Makhleb.
    75 | D        | Found a blossoming altar of Fedhas.
    75 | D        | Found a white marble altar of Elyvilon.
    75 | D        | Found a shadowy altar of Dithmenos.
    75 | D        | Found a snail-covered altar of Cheibriados.
    77 | D        | Found a radiant altar of Vehumet.
    77 | D        | Found a corrupted altar of Lugonu.
    78 | D        | Found a hide-covered altar of Uskayaw.
    78 | D        | Found an ancient bone altar of Kikubaaqudgha.
    78 | D        | Found a broken altar of Ashenzari.
    85 | D        | Became a worshipper of Vehumet
   771 | D        | Noticed a scorpion
   863 | D        | Reached * piety under Vehumet
   863 | D        | Offered knowledge of Shock by Vehumet.
   864 | D        | Reached XP level 2. HP: 13/13 MP: 4/8
  1179 | D        | Learned a level 2 spell: Searing Ray
  1530 | D        | Killed a scorpion
  1531 | D        | Reached skill level 5 in Fighting
  1531 | D        | Reached XP level 3. HP: 5/23 MP: 2/9
  1531 | D        | Reached XP level 4. HP: 6/27 MP: 2/11
  1535 | D        | Succumbed to a scorpion's poison

Illustrated notes

Levels and vault maps discovered:
D:        pitsprint [storerooms_1, entrance_room_1, metal_vault_4, armoury_1,
          mini_pit_1, grid_room_1, main_hall_1, silver_pit, the_coven_3,
          the_vestibule_1, steel_vault_2, golden_pit, hallway_of_sentries,
          crystal_vault_4, iron_vault_1, final_vault]

Skill      XL: |  1  2 |
---------------+-------+-----
Dodging        | 4 |  4.2
Spellcasting   | 4 |  4.0
Conjurations   | 4 |  4.0
Fighting       | 5 |  5.0
Stealth        | |  3.0

Action                   |  1- 3 |  4- 6 || total
-------------------------+-------+-------++-------
Melee: Quarterstaff      |     3 |       ||     3
 Cast: Magic Dart        |    31 |       ||    31
       Searing Ray       |     2 |       ||     2
  Use: Potion            |     5 |       ||     5
 Stab: Sleeping          |     1 |       ||     1
Armor: Robe              |     1 |       ||     1
Dodge: Dodged            |    20 |       ||    20
